 Dungeon Crawl Stone Soup version 0.23.2-1-ga50397a6bc (webtiles) character file.

Game seed: 16977335273615442392

10733 Gargoyl the Envoy of Void (level 11, 0/93 HPs)
             Began as a Centaur Abyssal Knight on Apr 16, 2019.
             Was a High Priest of Lugonu.
             Slain by a cyan ugly thing (7 damage)
             ... on level 11 of the Dungeon on Apr 17, 2019.
             The game lasted 00:26:04 (12222 turns).

Gargoyl the Envoy of Void (Centaur Abyssal Knight) Turns: 12222, Time: 00:26:05

Health: 0/93       AC: 15    Str: 17    XL:     11   Next: 40%
Magic:  16/16      EV: 11    Int: 11    God:    Lugonu [*****.]
Gold:   590        SH:  0    Dex: 13    Spells: 10/10 levels left

rFire    . . .     SeeInvis .   z - +0 sword of Power
rCold    + . .     Gourm    .   (shield currently unavailable)
rNeg     . . .     Faith    .   n - +2 chain mail {rC+}
rPois    .         Spirit   .   K - +2 helmet
rElec    .         Reflect  .   (no cloak)
rCorr    .         Harm     .   (no gloves)
MR       .....                  (no barding)
Stlth    ..........             i - amulet of regeneration
HPRegen  0.65/turn              G - +3 ring of dexterity
MPRegen  0.15/turn              B - +4 ring of evasion

@: very quick
A: large, hooves 3, deformed body, speed 2, tough skin 3
a: Depart the Abyss, Bend Space, Banish, Corrupt, Enter the Abyss, Renounce
Religion


You were on level 11 of the Dungeon.
You worshipped Lugonu.
Lugonu was extremely pleased with you.
You were not hungry.

You visited 1 branch of the dungeon, and saw 11 of its levels.
You visited the Abyss 1 time.
You also visited: Ossuary.

You collected 590 gold pieces.

Inventory:

Hand Weapons
 a - a +2 hand axe
 d - a +3 war axe of freezing
 z - the +0 sword of Power (weapon)
   (You found it on level 7 of the Dungeon)
Missiles
 F - 4 tomahawks of returning (quivered)
Armour
 n - a +2 chain mail of cold resistance (worn)
 K - a +2 helmet (worn)
Jewellery
 i - an amulet of regeneration (around neck)
 l - an uncursed ring of see invisible
 B - a +4 ring of evasion (right hand)
 G - a +3 ring of dexterity (left hand)
 L - an uncursed ring of poison resistance
Wands
 j - a wand of scattershot (8)
 u - a wand of flame (14)
 x - a wand of paralysis (12)
 D - a wand of digging (7)
 E - a wand of polymorph (16)
 H - a wand of iceblast (8)
 I - a wand of random effects (17)
Scrolls
 f - 5 scrolls of teleportation
 g - 3 scrolls of remove curse
 p - 2 scrolls of identify
 q - 3 scrolls of fear
 s - 3 scrolls of blinking
 y - a scroll of amnesia
 C - 2 scrolls of magic mapping
Potions
 b - a potion of berserk rage
 e - 3 potions of degeneration
 h - 3 potions of curing
 k - a potion of resistance
 m - 2 potions of flight
 o - 6 potions of haste
 r - a potion of cancellation
 t - 2 potions of mutation {unknown}
 v - 2 potions of magic {unknown}
 w - a potion of agility
 A - a potion of lignification {unknown}
Comestibles
 c - 15 rations
 J - 4 chunks of flesh


   Skills:
 + Level 7.6 Fighting
 + Level 4.9 Long Blades
 + Level 7.5 Axes
 * Level 7.6 Armour
 * Level 4.9 Dodging
 * Level 7.9 Invocations
 + Level 0.8 Evocations


You had 10 spell levels left.
You didn't know any spells.
Your spell library contained the following spells:

 Spells                   Type           Power        Failure   Level  Hunger
 Corona                   Hex            #......      99%         1    ##.....
 Ensorcelled Hibernation  Hex/Ice        #.....       99%         2    ###....
 Confuse                  Hex            #.......     100%        3    ####...
 Dazzling Spray           Conj/Hex       #.....       100%        3    ####...
 Tukima's Dance           Hex            #.......     100%        3    ####...


Dungeon Overview and Level Annotations

Branches:
Dungeon (11/15)            Temple (0/1) D:4            Lair (0/6) D:11
    Orc: D:9-12

Altars:
Cheibriados
Hepliaklqana
Kikubaaqudgha
Makhleb
Okawaru
Sif Muna
Uskayaw
Vehumet
Yredelemnul

Shops:
D:8 =


Innate Abilities, Weirdness & Mutations

You have hooves in place of feet.
Armour fits poorly on your strangely shaped body.
You cover ground very quickly.
You have extremely tough skin. (AC +3)


Message History

The cyan ugly thing is heavily wounded.
The cyan ugly thing engulfs you! The cyan ugly thing shocks you!
You hit the cyan ugly thing.
The cyan ugly thing is heavily wounded.
The cyan ugly thing engulfs you! The cyan ugly thing shocks you!
The cyan ugly thing engulfs you. The cyan ugly thing shocks you!
* * * LOW HITPOINT WARNING * * *
Your chain mail prevents you from hitting the cyan ugly thing.
The cyan ugly thing is heavily wounded.
The cyan ugly thing engulfs you!
* * * LOW HITPOINT WARNING * * *
The cyan ugly thing shocks you!
* * * LOW HITPOINT WARNING * * *
You closely miss the cyan ugly thing. Your kick misses the cyan ugly thing.
The cyan ugly thing is heavily wounded.
The cyan ugly thing barely misses you.
You riposte.
Your chain mail prevents you from hitting the cyan ugly thing.
The cyan ugly thing is heavily wounded.
The cyan ugly thing engulfs you!
You die...

.... ..... ...#.##...
#.#....... #........#
#........# .........#
#..[...u.#
#......@.###..#
..............#
#.#.##..###...# #####
#...........#.####.##.
#.##..###..........##.
#.#.##.......... ......
........###.#.#.####.##.
#.#.##........#.........
# ##.###.#........#..


You could see a cyan ugly thing.

Vanquished Creatures
  Pikel (D:4)
  An ugly thing (D:11)
  A cyclops (D:6)
  Joseph (D:9)
  Grinder (D:5)
  A large abomination (Abyss:2)
  A hornet (D:9)
  8 yaks
  A wraith (D:9)
  Sigmund (D:5)
  A wyvern (D:10)
  Grum (D:10)
  A basilisk (D:10)
  A hungry ghost (D:11)
  A water moccasin (D:9)
  Duvessa (D:4)
  4 porcupines (D:11)
  An orc warrior (D:11)
  An eye of draining (D:11)
  2 ice beasts
  A slave (D:5)
  A black bear (D:6)
  A phantom (D:6)
  2 sky beasts (D:7)
  4 ogres
  2 wolves (D:9)
  3 centaurs
  2 crocodiles (D:11)
  5 bullfrogs
  A gnoll sergeant (D:7)
  A big kobold (D:10)
  A wyvern zombie (D:10)
  A water moccasin zombie (D:8)
  Dowan (D:4)
  13 scorpions
  12 killer bees
  8 wights
  3 electric eels (D:11)
  2 crimson imps
  A bullfrog zombie (D:10)
  3 centaur zombies (Ossuary)
  A quasit (D:6)
  4 hounds
  3 human zombies (Ossuary)
  3 jellies
  6 orc priests
  4 bullfrog skeletons
  A centaur skeleton (D:5)
  6 orc wizards
  4 iguanas
  9 worker ants
  2 big kobold zombies (Ossuary)
  3 hound skeletons
  3 mummies (Ossuary)
  3 howler monkey zombies
  3 scorpion zombies (Ossuary)
  7 adders
  19 gnolls
  2 howler monkey skeletons
  2 shadow imps
  An ooze (D:5)
  An adder zombie (D:6)
  3 worms
  A dart slug (D:2)
  4 leopard geckos
  14 orcs
  9 bats
  6 giant cockroaches
  2 gnoll zombies (Ossuary)
  5 goblins
  8 hobgoblins
  19 jackals
  5 quokkas
  A ball python (D:1)
  8 frilled lizards
  3 goblin zombies (Ossuary)
  A hobgoblin zombie (Ossuary)
  17 kobolds
  A kobold zombie (Ossuary)
  An orc zombie (Ossuary)
  2 quokka zombies (D:4)
  15 rats
311 creatures vanquished.

Vanquished Creatures (others)
  Maurice (D:9)
  A bullfrog (D:11)
  A scorpion (Ossuary)
  An electric eel (D:11)
  A goblin zombie (Ossuary)
  5 fungi (D:11)
  5 plants (D:11)
  A withered plant (D:8)
16 creatures vanquished.

Grand Total: 327 creatures vanquished

Notes
Turn   | Place    | Note
-------+----------+-------------------------------------------
     0 | Abyss:1  | Gargoyl the Centaur Abyssal Knight began the quest for the
                  | Orb.
     0 | Abyss:1  | Reached XP level 1. HP: 19/19 MP: 2/2
    29 | Abyss:1  | Found a corrupted altar of Lugonu.
    37 | Abyss:1  | Noticed an orange demon
    42 | Abyss:1  | Noticed a small abomination
    44 | Abyss:1  | Noticed a chaos spawn
    44 | Abyss:1  | Noticed a large abomination
    91 | Abyss:1  | Noticed an ice beast
    92 | Abyss:1  | Noticed an efreet
   171 | Abyss:2  | Noticed an efreet
   204 | Abyss:2  | Noticed a large abomination
   207 | Abyss:2  | Killed a large abomination
   207 | Abyss:2  | Reached skill level 5 in Fighting
   207 | Abyss:2  | Reached XP level 2. HP: 29/29 MP: 4/4
   208 | Abyss:2  | Reached XP level 3. HP: 36/36 MP: 5/5
   208 | Abyss:2  | Reached XP level 4. HP: 42/42 MP: 6/6
   208 | Abyss:2  | Reached XP level 5. HP: 48/48 MP: 7/7
   217 | Abyss:2  | Noticed a sixfirhy
   237 | Abyss:3  | Noticed an entropy weaver
   250 | Abyss:3  | Noticed a hell hog
   299 | Abyss:4  | Noticed a thrashing horror
   309 | D:1      | Escaped the Abyss
  1185 | D:1      | Reached * piety under Lugonu
  1449 | D:2      | Found a hide-covered altar of Uskayaw.
  1450 | D:2      | Noticed a +0 hand axe
  1450 | D:2      | Noticed a +0 dagger
  1704 | D:2      | Found a burning altar of Makhleb.
  1704 | D:2      | Noticed a green death
  1780 | D:2      | Reached skill level 1 in Dodging
  1829 | D:2      | Found a basalt altar of Yredelemnul.
  1835 | D:2      | Reached XP level 6. HP: 56/56 MP: 8/8
  2376 | D:3      | Reached ** piety under Lugonu
  2403 | D:3      | Found a snail-covered altar of Cheibriados.
  2710 | D:3      | Found a deep blue altar of Sif Muna.
  2710 | D:3      | Found a burning altar of Makhleb.
  2908 | D:4      | Found a staircase to the Ecumenical Temple.
  3043 | D:4      | Noticed Dowan
  3044 | D:4      | Noticed Duvessa
  3073 | D:4      | Killed Duvessa
  3087 | D:4      | Killed Dowan
  3087 | D:4      | Reached XP level 7. HP: 42/61 MP: 9/9
  3398 | D:4      | Found a sand-covered staircase.
  3406 | Ossuary  | Entered an ossuary
  3629 | Ossuary  | Reached *** piety under Lugonu
  3631 | Ossuary  | HP: 1/61 [scorpion zombie (4)]
  3723 | Ossuary  | Reached XP level 8. HP: 53/69 MP: 11/11
  4383 | D:5      | Entered Level 5 of the Dungeon
  4448 | D:5      | Reached skill level 5 in Axes
  4466 | D:5      | Found a hazy altar of Hepliaklqana.
  4470 | D:5      | Noticed Grinder
  4473 | D:5      | Killed Grinder
  4530 | D:5      | Noticed Sigmund
  4543 | D:5      | Killed Sigmund
  4543 | D:5      | Reached skill level 5 in Invocations
  4820 | D:4      | Reached XP level 9. HP: 55/75 MP: 12/12
  5058 | D:5      | HP: 3/75 [gnoll/+0 spear (7)]
  5568 | D:5      | Noticed Pikel
  5597 | D:4      | Killed Pikel
  5597 | D:4      | Reached skill level 5 in Armour
  5915 | D:5      | Reached **** piety under Lugonu
  6000 | D:6      | Found an iron altar of Okawaru.
  6025 | D:6      | Noticed a cyclops
  6052 | D:6      | Killed a cyclops
  6818 | D:7      | Reached XP level 10. HP: 84/84 MP: 14/14
  7610 | D:7      | Reached ***** piety under Lugonu
  7821 | D:7      | Found the +0 sword of Power
  8320 | D:8      | Found an ancient bone altar of Kikubaaqudgha.
  8431 | D:8      | Found Zezucav's Jewellery Shoppe.
  8679 | D:8      | Reached skill level 1 in Long Blades
  9458 | D:9      | Noticed Joseph
  9460 | D:9      | Noticed Maurice
  9495 | D:9      | Killed Maurice
  9507 | D:9      | Killed Joseph
  9808 | D:9      | Paralysed by a hornet for 1 turns
 10157 | D:9      | Found a radiant altar of Vehumet.
 10436 | D:10     | Entered Level 10 of the Dungeon
 10581 | D:10     | Noticed Grum
 10878 | D:10     | Killed Grum
 11092 | D:10     | Reached XP level 11. HP: 70/92 MP: 16/16
 11657 | D:11     | Found a staircase to the Lair.
 11716 | D:11     | Noticed a white ugly thing
 11730 | D:11     | Killed a white ugly thing
 12216 | D:11     | Noticed a cyan ugly thing
 12222 | D:11     | Slain by a cyan ugly thing

Skill      XL: |  1  2  3  4  5  6  7  8  9 10 11 |
---------------+----------------------------------+-----
Fighting       | 5 6 7 |  7.6
Axes           | 2 3 4 5 7 |  7.5
Armour         | 2 3 4 5 7 |  7.6
Dodging        | 1 2 3 4 |  4.9
Invocations    | 3 4 5 6 7 |  7.9
Long Blades    | 3 4 |  4.9
Evocations     | |  0.8

Action                   |  1- 3 |  4- 6 |  7- 9 | 10-12 || total
-------------------------+-------+-------+-------+-------++-------
Melee: Hand axe          |       |   267 |   287 |       ||   554
       Kick              |       |    46 |   104 |   113 ||   263
       War axe           |       |       |   137 |    91 ||   228
       Great sword       |       |       |       |   303 ||   303
       Unarmed           |       |       |       |     8 ||     8
Invok: Depart the Abyss  |       |     1 |       |       ||     1
       Bend Space        |       |       |     1 |       ||     1
       Banish            |       |       |       |     1 ||     1
Evoke: Wand              |     4 |     3 |     5 |       ||    12
  Use: Scroll            |     2 |     9 |     9 |     8 ||    28
       Potion            |       |     5 |     6 |       ||    11
  Eat: Chunk             |       |     5 |     7 |    12 ||    24
       Ration            |       |       |     1 |     4 ||     5
Armor: Ring mail         |       |   136 |   146 |       ||   282
       Leather armour    |       |    10 |       |       ||    10
       Chain mail        |       |       |   104 |   375 ||   479
Dodge: Dodged            |     1 |   127 |   218 |   299 ||   645
       Rpst.: Great sword |       |       |       |    75 ||    75
